AoeStats
← DK_Odysseo

Hideout

507333809Analyzed
1v1 RM · 14d ago on Sep 17, 2026· 50m 45s· 2 players
Game mode
Random Map
Map size
Tiny (2 player)
Population
200
Speed
Normal
Resources
Standard
Victory
Conquest
Starting age
Dark Age
Ending age
Imperial Age
RankedLock teamsTeams togetherTeam positionsShared explorationLock speedFull tech treeHidden civsTurbo modeCheats
Victory
Defeat
🇪🇸 Teutons · Spain
1819
+12
🇦🇷 Huns · Argentina
1730
-12
Metalmania
10:00 Feudal Age
8:39 Loom
10:58 Town Watch
15:15 Wheelbarrow
15:30 Double-Bit Axe
15:26 Horse Collar
24:37 Castle Age
22:57 Scale Barding Armor
23:36 Bloodlines
24:41 Light Cavalry
26:01 Husbandry
27:56 Bow Saw
27:47 Heavy Plow
29:25 Gold Mining
30:37 Chain Barding Armor
30:30 Forging
32:06 Hand Cart
33:19 Fletching
33:29 Padded Archer Armor
41:27 Imperial Age
39:37 Ballistics
44:38 Bodkin Arrow
46:27 Bracer
47:29 Chemistry
49:04 Parthian Tactics
48:38 Heavy Cavalry Archer
49:26 Thumb Ring
50:04 Pikeman
50:44 Squires
50:30 Arson
50:46 Scale Mail Armor
51:22 Iron Casting
51:02 Leather Archer Armor
50:17 Capped Ram
DK_Odysseo
6:04 Loom
9:17 Feudal Age
9:52 Double-Bit Axe
21:37 Castle Age
19:44 Horse Collar
26:10 Scale Barding Armor
25:55 Fletching
27:19 Forging
28:20 Heavy Plow
30:12 Pikeman
31:38 Scale Mail Armor
40:21 Ballistics
40:53 Squires
41:12 Chain Mail Armor
45:02 Imperial Age
43:23 Iron Casting
44:17 Bloodlines
45:07 Halberdier
45:28 Man-at-Arms
45:47 Cavalier
47:07 Chain Barding Armor
47:27 Capped Ram
49:27 Plate Barding Armor
50:39 Wheelbarrow
49:49 Town Watch
52:13 Chemistry
Connection lost

Rejoining the realm…

Still unreachable

The connection could not be restored.

Session expired

The server has moved on; the page needs a fresh start.